 Dungeon Crawl Stone Soup version 0.21-a0-297-ga3d34c2 (webtiles) character file.

104980 4thArraOfDagon the Cleaver (level 16, -2/143 HPs)
             Began as a Gnoll Monk on Sept 28, 2017.
             Was the Champion of Qazlal.
             Killed from afar by a battlesphere (16 damage)
             ... created by a deep elf mage
             ... on level 3 of the Elven Halls.
             The game lasted 01:01:26 (10887 turns).

4thArraOfDagon the Cleaver (Gnoll Monk)            Turns: 10887, Time: 01:01:27

Health: -2/143     AC: 12    Str: 17    XL:     16   Next: 40%
Magic:  26/30      EV: 20    Int: 16    God:    Qazlal [******]
Gold:   539        SH: 21    Dex: 18    Spells: 34/35 levels left

rFire    + . .     SeeInvis +   Y - +8 demon blade "Bloodbane" {slice, *Rage +Rage Stlth-}
rCold    + . .     Gourm    .   Z - +1 shield of the Peculiar Runes {rF+ Int+4 Slay+2}
rNeg     + + +     Faith    .   l - +1 leather armour "Juninaloe" {rN++ Regen+ Str+2 Int-4}
rPois    .         Spirit   .   (helmet restricted)
rElec    .         Reflect  .   z - +0 cloak {+Inv}
rCorr    .         Harm     .   D - +0 pair of gloves
MR       +....     Rnd*Rage +   (no boots)
Stlth    +.........             Q - amulet of regeneration
HPRegen  1.13/turn              b - ring of positive energy
MPRegen  0.22/turn              T - ring of see invisible

@: protected from physical damage, berserk cooldown, slowed, repel missiles,
very slow
A: distributed training, fangs 1, horns 2, rugged brown scales 1, cold
resistance 1, dopey 1, robust 1, MP-powered wands, strong nose
a: Upheaval, Elemental Force, Disaster Area, Renounce Religion, Evoke Berserk
Rage, Evoke Invisibility


You were on level 3 of the Elven Halls.
You worshipped Qazlal.
Qazlal was exalted by your worship.
You were not hungry.

You visited 4 branches of the dungeon, and saw 26 of its levels.
You also visited: Labyrinth.

You collected 1830 gold pieces.
You spent 1291 gold pieces at shops.

Inventory:

Hand Weapons
 a - a +0 blowgun
 n - the +4 morningstar "Pauschim" {drain, Str+2 Int+7 Stlth-}
   (You found it on level 6 of the Lair of Beasts)

   A truly terrible weapon, it drains the life of those it strikes.
   It affects your strength (+2).
   It affects your intelligence (+7).
   It makes you less stealthy.
 K - the +3 great mace of Vodwolas {venom, rPois rF+ Dex+5}
   (You took it off a deep elf mage on level 1 of the Elven Halls)

   It poisons the flesh of those it strikes.
   It affects your dexterity (+5).
   It protects you from fire.
   It protects you from poison.
 O - a +4 war axe
 Y - the +8 demon blade "Bloodbane" (weapon) {slice, *Rage +Rage Stlth-}
   (You found it on level 14 of the Dungeon)

   It inflicts extra damage upon your enemies.
   It lets you go berserk.
   It may make you go berserk in combat.
   It makes you less stealthy.
Missiles
 G - 5 curare-tipped needles
Armour
 h - a +1 troll leather armour
 l - the +1 leather armour "Juninaloe" (worn) {rN++ Regen+ Str+2 Int-4}
   (You bought it in a shop on level 3 of the Elven Halls)

   It affects your strength (+2).
   It affects your intelligence (-4).
   It greatly protects you from negative energy.
   It increases your rate of regeneration.
 z - a +0 cloak of invisibility (worn)
 D - a +0 pair of gloves (worn)
 Z - the +1 shield of the Peculiar Runes (worn) {rF+ Int+4 Slay+2}
   (You bought it in a shop on level 3 of the Elven Halls)

   It affects your intelligence (+4).
   It affects your accuracy and damage with ranged weapons and melee attacks
   (+2).
   It protects you from fire.
Magical Staves
 U - a cursed staff of cold {unknown}
Jewellery
 b - a ring of positive energy (left hand)
 m - an uncursed amulet of magic regeneration {unknown}
 M - an uncursed ring of wizardry
 Q - an amulet of regeneration (around neck)
 T - a ring of see invisible (right hand)
Wands
 k - a wand of acid (9/15)
 s - a wand of iceblast (11/15)
 y - a wand of polymorph (3/24)
 E - a wand of confusion (23/48)
 F - a wand of scattershot (7/9)
 J - a wand of random effects (28/48)
 L - a wand of acid (12/15)
Scrolls
 e - 3 scrolls of enchant weapon {unknown}
 g - 3 scrolls of blinking {unknown}
 j - 3 scrolls of recharging {unknown}
 o - 8 scrolls of remove curse
 A - a scroll of magic mapping
 B - 4 scrolls of teleportation
 H - a scroll of vulnerability
 P - 5 scrolls of amnesia
 W - 2 scrolls of fog
 X - 4 scrolls of silence
Potions
 i - a potion of ambrosia
 q - a potion of mutation
 r - a potion of heal wounds
 t - 7 potions of curing
 u - 3 potions of flight
 v - 3 potions of brilliance
 C - a potion of cancellation
 I - 3 potions of might
 N - 2 potions of haste
 S - a potion of berserk rage
Books
 p - a book of Power

   Spells                             Type                      Level
   a - Iskenderun's Battlesphere      Conjuration/Charms           5
   b - Venom Bolt                     Conjuration/Poison           5
   c - Bolt of Magma                  Conjuration/Fire/Earth       5
   d - Iron Shot                      Conjuration/Earth            6
   e - Orb of Destruction             Conjuration                  7
   f - Spellforged Servitor           Conjuration/Summoning        7
 R - a book of Party Tricks

   Spells                             Type                      Level
   a - Summon Butterflies             Summoning                    1
   b - Apportation                    Translocation                1
   c - Lesser Beckoning               Translocation                3
   d - Tukima's Dance                 Hexes                        3
   e - Alistair's Intoxication        Transmutation/Poison         5
   f - Invisibility                   Hexes                        6
Miscellaneous
 w - a lightning rod (4/4)
 x - a fan of gales
 V - a lamp of fire (inert)
Comestibles
 c - 7 bread rations
 d - 8 royal jellies
 f - 16 meat rations


   Skills:
 + Level 12.1 Fighting
 + Level 10.9 Short Blades
 + Level 9.5 Long Blades
 + Level 12.8 Axes
 + Level 10.7 Maces & Flails
 + Level 10.0 Polearms
 + Level 10.4 Staves
 + Level 10.4 Slings
 + Level 10.4 Bows
 + Level 11.4 Crossbows
 + Level 9.1 Throwing
 + Level 9.0 Armour
 + Level 12.2 Dodging
 + Level 11.6 Stealth
   Level 0.0 Stabbing
 + Level 11.0 Shields
   Level 0.0 Traps
 + Level 9.2 Unarmed Combat
 + Level 10.1 Spellcasting
 + Level 10.0 Conjurations
 + Level 10.0 Hexes
 + Level 9.4 Charms
 + Level 10.6 Summonings
 + Level 10.5 Necromancy
 + Level 11.0 Translocations
 + Level 10.2 Transmutations
 + Level 10.3 Fire Magic
 + Level 10.0 Ice Magic
 + Level 11.1 Air Magic
 + Level 10.9 Earth Magic
 + Level 9.4 Poison Magic
 + Level 10.1 Invocations
 + Level 10.4 Evocations


You had 34 spell levels left.
You knew the following spells:

 Your Spells              Type           Power        Failure   Level  Hunger
a - Apportation           Tloc           #####.       1%          1    None


Dungeon Overview and Level Annotations

Branches:
Dungeon (15/15)              Lair (6/6) D:8           Slime (0/5) Lair:5
    Orc (2/2) D:10            Elf (3/3) Orc:2
 Temple: D:4-7        Swamp: Lair:2-4    Shoals: Lair:2-4     Snake: Lair:2-4
 Spider: Lair:2-4    Vaults: D:13-14     Depths: D:15

Altars:
Dithmenos
Elyvilon
Fedhas
Hepliaklqana
Qazlal
Xom

Shops:
D:14 [*   Orc:2 ([[=[   Elf:1 (   Elf:3 [[

Portals:
Trove: D:14 (give 17 potions of curing)

Annotations:
D:6 p0werm0de's ghost, novice GnCK


Innate Abilities, Weirdness & Mutations

Your experience applies equally to all skills.
You have very sharp teeth.
Your uncanny sense of smell can sniff out nearby items.
You have a pair of horns on your head.
You are partially covered in rugged brown scales. (AC +1, +3% HP)
Your flesh is cold resistant. (rC+)
You are dopey. (Int -2)
You are robust. (+10% HP)
You expend magic power (3 MP) to strengthen your wands.


Message History

You hear a shout!
Unknown command.
The deep elf mage casts a spell at you. You block the orb of energy.
The orb of energy explodes!
A battlesphere comes into view.
Unknown command.
The battlesphere is engulfed in freezing vapours. x2
There is an open door here.
Unknown command.
You close the door.
A deep elf mage opens the door.
The deep elf mage points at you and mumbles some strange words.
The lance of force hits you!
* * * LOW HITPOINT WARNING * * *
You are knocked back by the lance of force.
The battlesphere fires!
The deep elf mage gestures at you while chanting.
The magic dart hits you!
* * * LOW HITPOINT WARNING * * *
The battlesphere fires!
The barrage of energy hits you!
You die...

##.## .# #. ##.## #.# #.# ##.##
#.# ### #### ##.#####'# ##.)
#...# ##'.....####... #...#
#.......##.... #...#
#...P..##.....
####.P.#############.[P8[)#......
.....P....e*....@..'...P((#......
...PPPPP.§.#########...((..).....
.....P.....# ##...(.#......
####.P.##### #######......
#...##### ##[.... #..(#..)###
##.... #...)§)eE§# ##...
#####..##e## ##.. #####..# ###


You could see a deep elf mage and a battlesphere.

Vanquished Creatures
  A deep elf blademaster (Elf:3)
  Frances (D:14)
  2 deep elf sorcerers
  2 deep elf elementalists (Elf:3)
  2 deep elf annihilators
  A deep elf death mage (Elf:1)
  Snorg (D:13)
  Josephine (D:14)
  A minotaur (Lab)
  An ettin (Orc:1)
  A deep elf high priest (Elf:3)
  2 hydras
  A two-headed ogre (D:13)
  3 centaur warriors
  4 dancing weapons
  4 orc high priests
  10 deep elf knights
  Nergalle (D:11)
  3 skeletal warriors (D:15)
  2 unseen horrors
  4 deep elf archers
  Pikel (D:6)
  An orc knight (Orc:2)
  A wolf spider zombie (D:14)
  A mana viper (shapeshifter) (Elf:2)
  9 ugly things
  28 deep elf magi
  A cyclops (D:11)
  An orc sorcerer (Orc:1)
  A manticore (shapeshifter) (Elf:2)
  A salamander (shapeshifter) (D:15)
  21 elephants
  Joseph (Lair:1)
  4 black mambas
  19 spiny frogs
  A torpor snail (Lair:6)
  11 komodo dragons
  2 rime drakes
  A freezing wraith (D:14)
  A merfolk (shapeshifter) (Elf:2)
  2 hornets
  5 trolls
  3 polar bears
  3 slime creatures (D:7)
  3 tyrant leeches (Lair:6)
  3 hippogriffs
  Grinder (D:5)
  21 blink frogs
  3 air elementals
  6 dream sheep (Lair:6)
  2 spriggans (Lair:4)
  A vampire (D:11)
  3 wraiths
  A water elemental (Elf:2)
  2 shadows (Lab)
  3 hogs (D:9)
  32 yaks
  2 fire elementals
  A human (D:9)
  6 basilisks
  3 wyverns
  2 hungry ghosts (D:10)
  Grum (D:11)
  A steam dragon (Lair:3)
  8 vampire mosquitoes
  3 wargs
  A two-headed ogre zombie (D:10)
  11 water moccasins
  9 porcupines
  4 ice beasts
  15 orc warriors
  A black bear (shapeshifter) (D:15)
  3 sky beasts
  A necrophage (D:13)
  A phantom (D:10)
  3 black bears
  23 wolves
  3 centaurs
  3 ogres
  10 crocodiles
  7 big kobolds
  29 bullfrogs
  2 earth elementals (Elf:2)
  2 scorpions
  2 troll zombies (D:10)
  A killer bee (D:12)
  3 wights (D:10)
  6 electric eels
  9 crimson imps
  6 howler monkeys
  2 bullfrog zombies (D:12)
  A centaur zombie (D:12)
  8 jellies
  20 orc priests
  11 hounds
  2 bullfrog skeletons
  3 centaur skeletons
  4 iguanas
  37 orc wizards
  Jessica (D:2)
  6 worker ants
  5 ogre zombies (D:10)
  A hound zombie (D:8)
  2 worker ant zombies
  Robin (D:3)
  7 gnolls
  6 adders
  4 shadow imps
  8 oozes
  An adder zombie (D:6)
  An adder skeleton (D:8)
  A worm (D:4)
  2 leopard geckos
  62 orcs
  2 ball pythons
  5 giant cockroaches
  9 goblins
  4 hobgoblins
  10 jackals
  25 kobolds
  2 quokkas (D:8)
  6 bats
  3 frilled lizards
  2 goblin skeletons (D:10)
  A hobgoblin skeleton (D:10)
  5 hobgoblin zombies (D:10)
  A leopard gecko skeleton (D:4)
  5 orc skeletons (D:10)
  12 orc zombies (D:10)
718 creatures vanquished.

Vanquished Creatures (collateral kills)
  The ghost of 4thArraOfDagon the Cleaver, a journeyman FoCK of Xom (D:9)
  A dancing weapon (Elf:3)
  An ugly thing (D:14)
  A centaur zombie (D:14)
  A yak (D:9)
  2 killer bees (D:12)
7 creatures vanquished.

Vanquished Creatures (others)
  A deep elf archer (Elf:1)
  A water elemental (Elf:1)
  A slave (D:6)
  7 fungi
  30 plants
  16 toadstools
56 creatures vanquished.

Grand Total: 781 creatures vanquished

Notes
Turn   | Place    | Note
-------+----------+-------------------------------------------
     0 | D:1      | 4thArraOfDagon the Gnoll Monk began the quest for the Orb.
     0 | D:1      | Reached XP level 1. HP: 23/23 MP: 1/1
   134 | D:2      | Reached skill level 1 in Air Magic
   134 | D:2      | Reached XP level 2. HP: 29/29 MP: 2/2
   155 | D:2      | Found a blossoming altar of Fedhas.
   155 | D:2      | Noticed Jessica
   164 | D:2      | Killed Jessica
   164 | D:2      | Reached skill level 1 in Unarmed Combat
   164 | D:2      | Reached skill level 1 in Earth Magic
   164 | D:2      | Reached XP level 3. HP: 26/35 MP: 2/4
   168 | D:2      | Found a white marble altar of Elyvilon.
   171 | D:2      | Found a shimmering altar of Xom.
   174 | D:2      | Found a hazy altar of Hepliaklqana.
   276 | D:2      | Found a faded altar of an unknown god.
   284 | D:2      | Became a worshipper of Qazlal Stormbringer
   284 | D:2      | Reached * piety under Qazlal
   284 | D:2      | Reached ** piety under Qazlal
   293 | D:2      | Reached skill level 1 in Fire Magic
   293 | D:2      | Reached skill level 1 in Ice Magic
   351 | D:1      | Reached *** piety under Qazlal
   353 | D:1      | Reached skill level 1 in Short Blades
   460 | D:1      | You fall through a shaft!
   475 | D:2      | Reached skill level 1 in Necromancy
   475 | D:2      | Reached XP level 4. HP: 41/41 MP: 5/5
   482 | D:3      | Noticed Robin
   498 | D:3      | Killed Robin
   498 | D:3      | Reached skill level 1 in Crossbows
   498 | D:3      | Reached skill level 1 in Armour
   503 | D:3      | Reached skill level 1 in Conjurations
   511 | D:3      | Reached skill level 1 in Evocations
   741 | D:3      | Reached skill level 1 in Maces & Flails
   741 | D:3      | Reached skill level 1 in Polearms
   741 | D:3      | Reached skill level 1 in Slings
   741 | D:3      | Reached skill level 1 in Throwing
   741 | D:3      | Reached skill level 1 in Hexes
   748 | D:3      | Reached skill level 1 in Bows
   748 | D:3      | Reached skill level 1 in Charms
   748 | D:3      | Reached skill level 1 in Translocations
   748 | D:3      | Reached skill level 1 in Invocations
   748 | D:3      | Reached XP level 5. HP: 44/47 MP: 6/6
   841 | D:4      | Reached skill level 1 in Shields
   841 | D:4      | Reached skill level 1 in Transmutations
   849 | D:4      | Reached XP level 6. HP: 13/53 MP: 7/7
   855 | D:4      | Reached **** piety under Qazlal
   860 | D:4      | Reached skill level 1 in Long Blades
   860 | D:4      | Reached skill level 1 in Staves
   921 | D:4      | You fall through a shaft for 3 floors!
   933 | D:7      | Reached skill level 1 in Spellcasting
   933 | D:7      | Reached skill level 1 in Poison Magic
  1020 | D:6      | Noticed a slave
  1020 | D:6      | Noticed a slave
  1020 | D:6      | Noticed a slave
  1020 | D:6      | Noticed Pikel
  1020 | D:6      | Noticed a slave
  1020 | D:6      | Noticed p0werm0de's ghost (novice GnCK)
  1027 | D:5      | Entered Level 5 of the Dungeon
  1031 | D:5      | Noticed Grinder
  1032 | D:5      | Gained mutation: You have a pair of small horns on your head. [potion of mutation]
  1032 | D:5      | Gained mutation: You have supernaturally acute eyesight. (SInv) [potion of mutation]
  1038 | D:5      | Reached XP level 7. HP: 32/60 MP: 9/9
  1041 | D:5      | Killed Grinder
  1505 | D:6      | Found a blossoming altar of Fedhas.
  1515 | D:6      | Reached skill level 1 in Summonings
  1520 | D:6      | Reached XP level 8. HP: 51/67 MP: 10/10
  1522 | D:6      | Killed Pikel
  1623 | D:7      | Got a steaming ring mail
  1638 | D:7      | Identified the +2 ring mail of Light {Str+5} (You found it on level 7 of the Dungeon)
  1769 | D:7      | Reached skill level 5 in Stealth
  1779 | D:7      | Reached XP level 9. HP: 58/72 MP: 13/13
  2015 | D:7      | Reached skill level 5 in Transmutations
  2079 | D:7      | Reached skill level 5 in Slings
  2079 | D:7      | Reached skill level 5 in Translocations
  2246 | D:8      | Reached skill level 5 in Air Magic
  2251 | D:8      | Reached skill level 5 in Maces & Flails
  2254 | D:8      | Lost mutation: You have supernaturally acute eyesight. (SInv) [mutagenic meat]
  2255 | D:8      | Gained mutation: You are robust. (+10% HP) [mutagenic meat]
  2256 | D:8      | Gained mutation: You have a pair of horns on your head. [mutagenic meat]
  2258 | D:8      | Gained mutation: You are dopey. (Int -2) [mutagenic meat]
  2259 | D:8      | Gained mutation: You are partially covered in rugged brown scales. (AC +1, +3% HP) [mutagenic meat]
  2274 | D:8      | Noticed a troll
  2302 | D:8      | Killed a troll
  2302 | D:8      | Reached skill level 5 in Short Blades
  2311 | D:8      | Reached skill level 5 in Hexes
  2563 | D:8      | Reached XP level 10. HP: 90/90 MP: 15/15
  2650 | D:7      | Reached skill level 5 in Evocations
  2660 | D:8      | Found a staircase to the Lair.
  2693 | D:8      | Found a shadowy altar of Dithmenos.
  2742 | D:8      | Reached skill level 5 in Polearms
  2742 | D:8      | Reached skill level 5 in Bows
  2742 | D:8      | Reached skill level 5 in Crossbows
  2952 | D:9      | Reached skill level 5 in Shields
  2952 | D:9      | Reached skill level 5 in Unarmed Combat
  2952 | D:9      | Reached skill level 5 in Invocations
  2956 | D:9      | Reached skill level 5 in Ice Magic
  2970 | D:9      | Reached skill level 5 in Necromancy
  3099 | D:9      | Noticed 4thArraOfDagon's ghost (journeyman FoCK)
  3109 | D:9      | Reached skill level 5 in Fire Magic
  3113 | D:9      | Killed 4thArraOfDagon's ghost
  3122 | D:9      | Reached skill level 5 in Spellcasting
  3131 | D:9      | Reached skill level 5 in Earth Magic
  3389 | D:10     | Entered Level 10 of the Dungeon
  3406 | D:10     | Reached skill level 5 in Summonings
  3452 | D:10     | Reached skill level 5 in Conjurations
  3558 | D:10     | Reached skill level 5 in Staves
  3659 | D:10     | Reached skill level 5 in Long Blades
  3665 | D:10     | Reached XP level 11. HP: 61/98 MP: 19/19
  3724 | D:10     | Found a staircase to the Orcish Mines.
  3885 | D:10     | Reached skill level 5 in Throwing
  3885 | D:10     | Reached skill level 5 in Armour
  4036 | D:11     | Noticed a cyan ugly thing
  4040 | D:11     | Killed a cyan ugly thing
  4058 | D:11     | Noticed Nergalle
  4068 | D:11     | Killed Nergalle
  4072 | D:11     | Gained mutation: You expend magic power (3 MP) to strengthen your wands. [mutagenic meat]
  4073 | D:11     | Gained mutation: Your flesh is cold resistant. (rC+) [mutagenic meat]
  4197 | D:11     | Noticed a white ugly thing
  4200 | D:11     | Sergey: gnoll has changed?
  4223 | D:11     | Killed a white ugly thing
  4258 | D:11     | Sergey: I see +8 apts in description
  4259 | D:11     | Noticed a cyclops
  4303 | D:11     | Killed a cyclops
  4323 | D:11     | Noticed Grum
  4338 | D:11     | Killed Grum
  4358 | D:11     | 4thArraOfDagon: yea its pretty amazing now
  4358 | D:11     | 4thArraOfDagon: trains all
  4358 | D:11     | 4thArraOfDagon: and stats are not fixed
  4455 | D:11     | Sergey: and what minuses do they have?
  4586 | D:12     | Sergey: it looks like the strongest race now
  4693 | D:12     | Reached skill level 5 in Poison Magic
  4871 | D:13     | Noticed a centaur warrior
  4874 | D:12     | 4thArraOfDagon: yea
  4982 | D:12     | Noticed an unseen horror
  4995 | D:12     | Killed an unseen horror
  4995 | D:12     | Reached skill level 5 in Charms
  5007 | D:12     | Reached XP level 12. HP: 82/108 MP: 15/21
  5156 | D:13     | Killed a centaur warrior
  5194 | D:13     | Noticed a centaur warrior
  5203 | D:13     | Killed a centaur warrior
  5203 | D:13     | Reached skill level 10 in Axes
  5228 | D:13     | Noticed Snorg
  5240 | D:13     | Killed Snorg
  5271 | D:13     | Noticed a two-headed ogre
  5279 | D:13     | Killed a two-headed ogre
  5308 | D:13     | 4thArraOfDagon: it is now like whatever god you will play, it will be overpowered
  5529 | D:14     | Noticed Frances
  5542 | D:14     | Found Mottarozue's Assorted Antiques.
  5542 | D:14     | Noticed a centaur warrior
  5551 | D:14     | Killed a centaur warrior
  5565 | D:14     | Reached skill level 10 in Fighting
  5604 | D:14     | Bought a scroll labeled TEOSAEWEPT for 31 gold pieces
  5604 | D:14     | Bought a scroll labeled KIMUES MASCHE for 31 gold pieces
  5762 | D:14     | Found a portal to a secret trove of treasure.
  5789 | D:14     | Found the +8 demon blade "Bloodbane" {slice, *Rage +Rage Stlth-}
  5791 | D:14     | Found Reahuer's Antique Armour Emporium.
  5846 | D:14     | Noticed a soul eater
  5856 | D:14     | Killed Frances
  5856 | D:14     | Reached skill level 10 in Dodging
  5856 | D:14     | Reached XP level 13. HP: 21/115 MP: 23/23
  6012 | D:15     | Entered Level 15 of the Dungeon
  6105 | D:14     | Noticed Josephine
  6124 | D:14     | Killed Josephine
  6462 | D:10     | Found a blossoming altar of Fedhas.
  6520 | Orc:1    | Entered Level 1 of the Orcish Mines
  6538 | Orc:1    | Noticed an ettin
  6593 | Orc:1    | Killed an ettin
  6784 | Orc:2    | Entered Level 2 of the Orcish Mines
  6847 | Orc:2    | Noticed Sonja
  6876 | Orc:2    | Noticed Sonja
  6876 | Orc:2    | Sonja changed into Sonja the hornet
  6878 | Orc:2    | Killed Sonja the hornet
  6886 | Orc:1    | Reached ***** piety under Qazlal
  7052 | Orc:2    | Found Seshufau's Antique Armour Shoppe.
  7299 | Orc:1    | Noticed an orc warlord
  7347 | Orc:2    | Found Oclyess's Antique Armour Boutique.
  7347 | Orc:2    | Found Ifauw's Jewellery Boutique.
  7348 | Orc:2    | Found Wugg's Armour Shop.
  7353 | Orc:2    | Found Piogu's Weapon Shop.
  7359 | Orc:2    | Bought an uncursed amulet of regeneration for 390 gold pieces
  7406 | Orc:2    | Found a staircase to the Elven Halls.
  7510 | Lair:1   | Entered Level 1 of the Lair of Beasts
  7554 | Lair:1   | Reached XP level 14. HP: 22/125 MP: 26/26
  7643 | Lair:1   | Noticed Joseph
  7671 | Lair:1   | Killed Joseph
  8073 | Lair:3   | Reached skill level 10 in Crossbows
  8194 | Lair:3   | Reached ****** piety under Qazlal
  8513 | Lair:5   | Found a labyrinth entrance.
  8601 | Lab      | Entered a labyrinth
  8696 | Lab      | Identified the Reference Book on Bewitchment
  8802 | Lair:5   | Found a staircase to the Slime Pits.
  8806 | Lair:6   | Entered Level 6 of the Lair of Beasts
  8817 | Lair:6   | Reached skill level 10 in Translocations
  8819 | Lair:6   | Reached skill level 10 in Air Magic
  8829 | Lair:6   | Reached skill level 10 in Stealth
  8833 | Lair:6   | Reached skill level 10 in Short Blades
  8874 | Lair:6   | Reached XP level 15. HP: 63/134 MP: 28/28
  8916 | Lair:6   | Reached skill level 10 in Shields
  8917 | Lair:6   | Reached skill level 10 in Earth Magic
  8931 | Lair:6   | Reached skill level 10 in Maces & Flails
  9248 | Lair:6   | Got a steaming morningstar
  9249 | Lair:6   | Identified the +4 morningstar "Pauschim" {drain, Str+2 Int+7 Stlth-} (You found it on level 6 of the Lair of Beasts)
  9254 | Lair:6   | Learned a level 1 spell: Apportation
  9891 | Elf:1    | Entered Level 1 of the Elven Halls
  9972 | Elf:1    | Found Kifer's Antique Weapon Shop.
 10000 | Elf:1    | Noticed a deep elf sorcerer
 10005 | Elf:1    | Killed a deep elf sorcerer
 10078 | Elf:1    | Reached skill level 10 in Summonings
 10111 | Elf:1    | Reached skill level 10 in Evocations
 10114 | Elf:1    | Reached skill level 10 in Slings
 10128 | Elf:1    | Reached skill level 10 in Bows
 10130 | Elf:1    | Got a twisted great mace {venom}
 10182 | Elf:2    | Reached skill level 10 in Staves
 10224 | Elf:2    | Reached skill level 10 in Transmutations
 10257 | Elf:2    | Identified the +3 great mace of Vodwolas {venom, rPois rF+ Dex+5} (You took it off a deep elf mage on level 1 of the Elven Halls)
 10276 | Elf:2    | Reached skill level 10 in Necromancy
 10289 | Elf:2    | Reached skill level 10 in Fire Magic
 10292 | Elf:2    | Reached XP level 16. HP: 143/143 MP: 26/29
 10296 | Elf:2    | Reached skill level 10 in Invocations
 10366 | Elf:3    | Entered Level 3 of the Elven Halls
 10453 | Elf:3    | Found Weem's Armour Emporium.
 10453 | Elf:3    | Found Goestineo's Antique Armour Shoppe.
 10502 | Elf:3    | Bought a pitted shield for 332 gold pieces
 10502 | Elf:3    | Bought a runed cloak for 262 gold pieces
 10512 | Elf:3    | Identified the +1 shield of the Peculiar Runes {rF+ Int+4 Slay+2} (You bought it in a shop on level 3 of the Elven Halls)
 10515 | Elf:3    | Bought a slimy leather armour for 245 gold pieces
 10546 | Elf:3    | Identified the +1 leather armour "Juninaloe" {rN++ Regen+ Str+2 Int-4} (You bought it in a shop on level 3 of the Elven Halls)
 10860 | Elf:3    | Noticed a deep elf blademaster
 10861 | Elf:3    | Reached skill level 10 in Spellcasting
 10869 | Elf:3    | Killed a deep elf blademaster
 10870 | Elf:3    | Reached skill level 10 in Hexes
 10870 | Elf:3    | Reached skill level 10 in Polearms
 10870 | Elf:3    | Reached skill level 10 in Conjurations
 10876 | Elf:3    | Reached skill level 10 in Ice Magic
 10887 | Elf:3    | Killed from afar by a battlesphere

Vault maps used:
D:1:      ldierk_walled_garden_2
D:2:      grunt_temple_overflow_cloverleaf,
          chequers_ecumenical_altar_simple_redux, feat_on_display, uniq_jessica
D:3:      first_bread, cheibrodos_gnoll_hut, uniq_robin
D:5:      lemuel_flame_loot_1, uniq_grinder
D:6:      minmay_temple_entry_glassed_door, lemuel_statue_altar, uniq_pikel
D:7:      cheibrodos_fertilizer
D:8:      erik_lair_island, basic_altar, kennysheep_generic_room_6
D:9:      grunt_livestock
D:10:     zombieorc2_lemuel, basic_altar
D:11:     uniq_nergalle, uniq_grum
D:13:     david_vaults_5, uniq_snorg
D:14:     serial_shops, shop, nicolae_shop_window_shopping,
          minmay_misc_feat_enclosed, nicolae_trove_entry_crossroad,
          hangedman_decor_peaks_small, uniq_frances, uniq_josephine
D:15:     gammafunk_enter_depths_forms, serial_shops,
          nicolae_shop_overgrown_old_shop, hangedman_decor_opposing
Lair:1:   serial_bayou_crossing, grunt_megastairs_2,
          infiniplex_staircase_pool_2, minmay_lair_oklob_chamber, uniq_joseph
Lair:2:   spider_nest_entry_funnel_web, basic_altar
Lair:3:   minmay_shoals_entry_hut, beast_lair_carwin_3, serial_bayou_shore_b,
          serial_bayou_shore_b
Lair:4:   forest_entry_grove
Lair:5:   nicolae_slime_entry_slimehenge, lab_entry_generic
Lair:6:   minmay_lair_end_frog_pond
Orc:2:    st_orc_mages, serial_shops, shop_fountains, uniq_sonja
Elf:1:    eino_elf_arrival_customs, serial_shops, nicolae_shop_trees,
          minivault_5
Elf:3:    elf_hall, minmay_shoptagon
Lab:      nicolae_lab_dead_adventurers, nicolae_lab_starburst,
          nicolae_lab_t_cross, labyrinth_fake_exit, lab_fountain,
          nicolae_lab_very_dead_end

Skill      XL: |  1  2  3  4  5  6  7  8  9 10 11 12 13 14 15 16 |
---------------+-------------------------------------------------+-----
Air Magic      | 1 2 3 4 5 6 7 8 9 10 11 | 11.1
Unarmed Combat | 1 2 3 4 5 6 7 8 9 |  9.2
Earth Magic    | 1 2 3 4 5 6 7 8 9 10 | 10.9
Fire Magic     | 1 2 3 4 5 6 8 10 | 10.3
Ice Magic      | 1 2 3 4 5 6 7 8 9 10 | 10.0
Short Blades   | 1 2 3 5 7 8 9 10 | 10.9
Necromancy     | 1 2 3 4 5 6 7 8 10 | 10.5
Crossbows      | 1 2 3 4 6 7 8 9 10 11 | 11.4
Armour         | 1 2 3 4 6 7 8 9 |  9.0
Conjurations   | 1 2 3 4 5 6 7 9 10 | 10.0
Evocations     | 1 2 3 4 5 7 8 9 10 | 10.4
Maces & Flails | 1 2 3 4 5 6 7 8 9 10 | 10.7
Polearms       | 1 2 3 4 5 6 7 8 9 10 | 10.0
Slings         | 1 2 3 4 5 6 7 8 9 10 | 10.4
Throwing       | 1 2 3 4 5 6 7 8 9 |  9.1
Hexes          | 1 2 3 5 6 7 8 9 10 | 10.0
Bows           | 1 2 3 4 5 6 7 8 9 10 | 10.4
Charms         | 1 2 3 4 5 6 8 9 |  9.4
Translocations | 1 2 3 4 5 6 7 8 9 10 11 | 11.0
Invocations    | 1 2 4 5 6 7 8 9 10 | 10.1
Dodging        | 7 8 9 10 11 12 | 12.2
Shields        | 1 2 3 4 6 8 9 10 11 | 11.0
Transmutations | 1 2 4 5 6 7 8 10 | 10.2
Long Blades    | 1 2 4 5 7 8 9 |  9.5
Staves         | 1 2 3 4 5 6 7 8 9 10 | 10.4
Spellcasting   | 1 3 5 6 7 8 9 10 | 10.1
Poison Magic   | 1 2 3 4 5 7 8 9 |  9.4
Fighting       | 7 8 9 10 11 12 | 12.1
Summonings     | 1 2 3 5 6 7 8 9 10 | 10.6
Axes           | 7 8 9 10 11 12 | 12.8
Stealth        | 5 6 7 8 9 10 11 | 11.6

Action                   |  1- 3 |  4- 6 |  7- 9 | 10-12 | 13-15 | 16-18 || total
-------------------------+-------+-------+-------+-------+-------+-------++-------
Melee: Hand axe          |    92 |   114 |   247 |   125 |       |       ||   578
       Bite              |    12 |    22 |    27 |    85 |   102 |    13 ||   261
       Punch             |     1 |       |    10 |    22 |    17 |       ||    50
       Headbutt          |       |     1 |    63 |   199 |   202 |    24 ||   489
       Long sword        |       |       |       |   132 |       |       ||   132
       War axe           |       |       |       |   388 |   307 |       ||   695
       Demon blade       |       |       |       |     7 |   513 |   113 ||   633
       Morningstar       |       |       |       |       |    30 |       ||    30
Throw: Throwing net      |       |       |       |     1 |       |       ||     1
Invok: Upheaval          |       |       |     5 |    15 |    13 |     1 ||    34
       Elemental Force   |       |       |       |     4 |       |     2 ||     6
 Abil: Evoke Berserk Rag |       |       |       |     1 |    12 |       ||    13
Evoke: Wand              |       |       |     1 |     8 |     2 |       ||    11
       Lamp of fire      |       |       |       |     1 |     3 |     1 ||     5
  Use: Potion            |       |     9 |     2 |     2 |     8 |       ||    21
       Scroll            |       |       |     5 |    10 |    14 |     4 ||    33
 Stab: Sleeping          |     1 |       |       |       |       |       ||     1
       Distracted        |       |     1 |       |     1 |       |       ||     2
       Confused          |       |       |       |     6 |       |       ||     6
       Held in net/web   |       |       |       |     3 |       |       ||     3
  Eat: Chunk             |       |       |    13 |     7 |    11 |     2 ||    33
       Fruit             |       |       |       |    15 |     1 |       ||    16
       Royal jelly       |       |       |       |       |     7 |     1 ||     8
Armor: Robe              |    21 |       |       |       |       |       ||    21
       Scale mail        |       |    59 |    20 |       |       |       ||    79
       Ring mail         |       |     1 |    19 |    93 |       |       ||   113
       Skin              |       |       |    66 |       |    30 |       ||    96
       Troll leather arm |       |       |       |    36 |   146 |     7 ||   189
       Leather armour    |       |       |       |       |       |     1 ||     1
Dodge: Dodged            |    84 |   102 |   115 |   419 |   568 |    20 ||  1308
       Deflected         |       |       |       |     2 |     5 |     4 ||    11
Block: Other             |     2 |    36 |    64 |   128 |   159 |       ||   389
       Shield            |       |       |       |       |   392 |    85 ||   477
       Rpst.: Long sword |       |       |       |    30 |       |       ||    30
       Demon blade       |       |       |       |     3 |    79 |     8 ||    90

Table legend:
 A = Spawn XP
 B = Non-spawn XP
 C = Spawn XP percentage of total XP
 D = Spawn monster count
 E = Non-spawn monster count
 F = Spawn count percentage of total count
 G = Total turns spent on level
                    A         B        C        D         E        F      G
               +---------+---------+-------+---------+---------+-------+---------
         Total |       0 |  149972 |   0.0 |       0 |     726 |   0.0 | 10887
               +---------+---------+-------+---------+---------+-------+---------
           D:1 |       0 |      21 |   0.0 |       0 |      12 |   0.0 |   205
           D:2 |       0 |      62 |   0.0 |       0 |      10 |   0.0 |   301
           D:3 |       0 |     138 |   0.0 |       0 |      17 |   0.0 |   288
           D:4 |       0 |     307 |   0.0 |       0 |      22 |   0.0 |   206
           D:5 |       0 |     490 |   0.0 |       0 |      15 |   0.0 |   388
           D:6 |       0 |     776 |   0.0 |       0 |       7 |   0.0 |    62
           D:7 |       0 |    1771 |   0.0 |       0 |      28 |   0.0 |   739
           D:8 |       0 |    1515 |   0.0 |       0 |      32 |   0.0 |   674
           D:9 |       0 |    2711 |   0.0 |       0 |      29 |   0.0 |   602
          D:10 |       0 |    2328 |   0.0 |       0 |      58 |   0.0 |   749
          D:11 |       0 |    4006 |   0.0 |       0 |      24 |   0.0 |   592
          D:12 |       0 |    4494 |   0.0 |       0 |      39 |   0.0 |   630
          D:13 |       0 |    7071 |   0.0 |       0 |      41 |   0.0 |   428
          D:14 |       0 |   10419 |   0.0 |       0 |      25 |   0.0 |   618
          D:15 |       0 |    4941 |   0.0 |       0 |       9 |   0.0 |   207
        Lair:1 |       0 |    5274 |   0.0 |       0 |      21 |   0.0 |   354
        Lair:2 |       0 |    2572 |   0.0 |       0 |      11 |   0.0 |   124
        Lair:3 |       0 |    5512 |   0.0 |       0 |      27 |   0.0 |   345
        Lair:4 |       0 |    4848 |   0.0 |       0 |      21 |   0.0 |   327
        Lair:5 |       0 |    8127 |   0.0 |       0 |      35 |   0.0 |   478
        Lair:6 |       0 |   23526 |   0.0 |       0 |      86 |   0.0 |   556
         Orc:1 |       0 |    4106 |   0.0 |       0 |      30 |   0.0 |   389
         Orc:2 |       0 |    6012 |   0.0 |       0 |      56 |   0.0 |   530
         Elf:1 |       0 |   15256 |   0.0 |       0 |      23 |   0.0 |   282
         Elf:2 |       0 |   16818 |   0.0 |       0 |      28 |   0.0 |   375
         Elf:3 |       0 |   15352 |   0.0 |       0 |      17 |   0.0 |   339
           Lab |       0 |    1519 |   0.0 |       0 |       3 |   0.0 |    99
               +---------+---------+-------+---------+---------+-------+---------
